 Dungeon Crawl Stone Soup version 0.29.1-15-g9cfb28693d (webtiles) character file.

Game seed: 17876966295812413512

148036 wingedge the Summoner (level 16, -5/126 (137) HPs)
             Began as a Demigod Wanderer on Apr 16, 2023.
             Slain by a boulder beetle (13 damage)
             ... on level 4 of the Spider Nest on Apr 18, 2023.
             The game lasted 02:53:53 (41193 turns).

wingedge the Summoner (Demigod Wanderer)           Turns: 41193, Time: 02:53:53

HP:   -5/126 (137)  AC: 16    Str:  5 (6)  XL:     16   Next: 39%
MP:   0/35          EV: 13    Int: 34 (36) God:
Gold: 1916          SH: 12    Dex: 16 (17) Spells: 5/35 levels left

rFire   + . .      SeeInvis .   a - +8 whip "Xusuos" {distort, rPois Will+ Str-5}
rCold   + . .      Faith    .   r - +0 kite shield
rNeg    . . .      Spirit   +   o - +3 leather armour "Redie" {rElec rF+ Int+2}
rPois   +          Reflect  .   C - +0 helmet
rElec   +          Harm     .   B - +2 cloak {Will+}
rCorr   +          Rampage  .   h - +0 pair of gloves
Will    +++..                   (no boots)
Stlth   +.........              W - amulet of the Mutiny {Spirit rPois rC+ rCorr Int-4}
HPRegen 0.31/turn               g - +4 ring of protection
MPRegen 0.24/turn               A - +6 ring of intelligence

@: forested, studying Shields, drained
A: high MP 1, forlorn, divine attributes
a: no special abilities


You were on level 4 of the Spider Nest.
You visited 5 branches of the dungeon, and saw 27 of its levels.

You collected 3980 gold pieces.
You spent 2064 gold pieces at shops.

Inventory:

Hand Weapons
 a - the +8 whip "Xusuos" (weapon) {distort, rPois Will+ Str-5}
   (You found it on level 4 of the Dungeon)

   It warps and distorts space around it, and may blink, banish, or inflict
   extra damage upon those it strikes.
   Unwielding it can cause banishment or high damage.
   Str:       It affects your strength (-5).
   rPois:     It protects you from poison.
   Will:      It increases your willpower.
 b - the +0 staff of Battle
   (You found it on level 13 of the Dungeon)

   It enhances your conjuration magic.
   It summons a battlesphere in combat, with strength depending on Conjurations
   skill.
   Its strikes trigger the battlesphere's blasts.
Armour
 h - a +0 pair of gloves (worn)
 o - the +3 leather armour "Redie" (worn) {rElec rF+ Int+2}
   (You found it on level 2 of the Dungeon)

   Int:       It affects your intelligence (+2).
   rF:        It protects you from fire.
   rElec:     It insulates you from electricity.
 r - a +0 kite shield (worn)
 B - a +2 cloak of willpower (worn)
 C - a +0 helmet (worn)
Jewellery
 g - a +4 ring of protection (left hand)
 w - a ring of positive energy
 y - a ring of magical power
 A - a +6 ring of intelligence (right hand)
 J - a +6 ring of dexterity
 T - a +6 ring of strength
 U - a ring of fire
 V - a ring of willpower
 W - the amulet of the Mutiny (around neck) {Spirit rPois rC+ rCorr Int-4}
   (You took it off a necromancer on level 5 of the Lair of Beasts)

   [amulet of guardian spirit]

   It causes incoming damage to be divided between your reserves of health and
   magic.
   Int:       It affects your intelligence (-4).
   rC:        It protects you from cold.
   rPois:     It protects you from poison.
   rCorr:     It protects you from acid and corrosion.
 X - the ring of Rowkos {rN+ Will+ Str-5 Slay+4}
   (You found it on level 5 of the Lair of Beasts)

   [ring of positive energy]

   Str:       It affects your strength (-5).
   Slay:      It affects your accuracy & damage with ranged weapons and melee
   (+4).
   rN:        It protects you from negative energy.
   Will:      It increases your willpower.
Wands
 c - a wand of acid (2)
 d - a wand of polymorph (15)
 n - a wand of charming (9)
 K - a wand of mindburst (15)
 L - a wand of roots (21) (quivered)
Scrolls
 e - 4 scrolls of magic mapping
 f - a scroll of identify
 i - 4 scrolls of enchant weapon
 k - 2 scrolls of amnesia
 l - 3 scrolls of immolation
 t - 8 scrolls of teleportation
 x - 7 scrolls of fear
 F - 2 scrolls of enchant armour
 H - a scroll of silence
 N - 4 scrolls of vulnerability
 S - a scroll of poison
 Z - 3 scrolls of butterflies
Potions
 j - 5 potions of attraction
 m - a potion of berserk rage {unknown}
 p - 3 potions of resistance
 q - 2 potions of magic
 s - 2 potions of curing
 v - 6 potions of lignification
 z - 4 potions of ambrosia
 D - 2 potions of cancellation {unknown}
 E - a potion of haste
 G - 2 potions of might
 I - a potion of brilliance
 M - a potion of mutation {unknown}
 O - 2 potions of invisibility {unknown}
 Q - 3 potions of flight
Miscellaneous
 P - a condenser vane


   Skills:
 - Level 11.0 Fighting
 - Level 5.0 Maces & Flails
 - Level 6.0 Armour
 - Level 6.0 Dodging
 - Level 12.0 Shields
 - Level 10.0 Spellcasting
 + Level 7.9 Conjurations
 - Level 8.0 Hexes
 - Level 13.0 Summonings
 - Level 8.0 Translocations
 - Level 10.0 Earth Magic
 - Level 2.0 Evocations


You had 5 spell levels left.
You knew the following spells:

 Your Spells              Type           Power      Damage    Failure   Level
a - Summon Cactus Giant   Summ           40%        N/A       6%          6
d - Call Canine Familiar  Summ           81%        N/A       1%          3
f - Summon Mana Viper     Hex/Summ       73%        N/A       3%          5
g - Stone Arrow           Conj/Erth      100%       3d13      1%          3
h - Summon Forest         Summ/Tloc      36%        N/A       3%          5
i - Summon Guardian Gole  Hex/Summ       73%        N/A       1%          3
j - Lee's Rapid Deconstr  Erth           35%        3d19*     3%          5

Your spell library contained the following spells:

 Spells                   Type           Power      Damage    Failure   Level
 Foxfire                  Conj/Fire      100%       2x1d9     1%          1
 Sandblast                Erth           100%       2d20      1%          1
 Slow                     Hex            100%       N/A       1%          1
 Summon Small Mammal      Summ           100%       N/A       1%          1
 Blink                    Tloc           100%       N/A       1%          2
 Call Imp                 Summ           81%        N/A       1%          2
 Passwall                 Tmut/Erth      41%        N/A       1%          2
 Confusing Touch          Hex            63%        N/A       1%          3
 Dazzling Flash           Conj/Hex       100%       N/A       1%          3
 Tukima's Dance           Hex            63%        N/A       1%          3
 Leda's Liquefaction      Hex/Erth       33%        N/A       1%          4
 Passage of Golubria      Tloc           63%        N/A       3%          4
 Conjure Flame            Conj/Fire      44%        6-21      4%          3
 Inner Flame              Hex/Fire       44%        N/A       4%          3
 Summon Lightning Spire   Summ/Air       57%        N/A       6%          4
 Freeze                   Ice            68%        1d8       9%          1
 Necrotise                Necr           68%        1d7       9%          1
 Mephitic Cloud           Conj/Pois/Air  35%        N/A       9%          3
 Manifold Assault         Tloc           63%        N/A       9%          5
 Flame Wave               Conj/Fire      44%        2d11      17%         4
 Hailstorm                Conj/Ice       44%        3d10      17%         4
 Frozen Ramparts          Ice            34%        1d6       26%         3
 Vampiric Draining        Necr           17%        2d7       26%         3
 Silence                  Hex/Air        22%        N/A       41%         5
 Yara's Violent Unravell  Hex/Tmut       22%        3d10      41%         5
 Lightning Bolt           Conj/Air       22%        1d37      43%         5
 Airstrike                Air            8%         2d(2-18)  63%         4
 Freezing Cloud           Conj/Ice/Air   17%        6-21      63%         5
 Agony                    Necr           17%        N/A       93%         5
 Statue Form              Tmut/Erth      33%        N/A       86%         6
 Storm Form               Tmut/Air       8%         N/A       100%        7
 Lehudib's Crystal Spear  Conj/Erth      33%        10d9      100%        8
 Chain Lightning          Conj/Air       22%        3d29      100%        9
 Fire Storm               Conj/Fire      22%        8d6       100%        9
 Shatter                  Erth           35%        3d28*     100%        9


Dungeon Overview and Level Annotations

Branches:
Dungeon (15/15)            Temple (1/1) D:6            Lair (5/5) D:10
  Swamp (0/4) Lair:3       Spider (4/4) Lair:3        Slime (0/5) Lair:4
    Orc (2/2) D:10            Elf (0/3) Orc:2        Vaults (0/5) D:13
 Depths (0/4) D:15

Shops:
D:7 :::   D:13 :   Orc:2 [::*

Annotations:
Lair:3 Need flight for lava island
Lair:5 2 transporters, Loveship's ghost, journeyman MiFi
Spider:4 Mara
Abyss:1 Nergalle


Innate Abilities, Weirdness & Mutations

You have an increased reservoir of magic. (+10% MP)
You shall have no god before yourself.
Your divine heritage dramatically boosts your attributes as you level up.


Message History

Your warg bites the wolf spider!
The culicivora bites you but does no damage.
The wolf spider is engulfed in blazing flames.
The wolf spider hits you!! You block the wolf spider's attack.
The pharaoh ant misses you. The wolf spider hits your warg.
The wolf spider bites your warg.
Your cactus giant misses the culicivora.
You hit the pharaoh ant but do no damage.
The pharaoh ant blinks!
Tree limbs sway around you.
The forest calms down.
The wolf spider is engulfed in blazing flames.
You block the wolf spider's attack. x2; The boulder beetle misses you.
Your warg closely misses the wolf spider.
The wolf spider is healed somewhat.
A pharaoh ant comes into view.
The wolf spider misses your warg.
The wolf spider bites your warg but does no damage.
The wolf spider is engulfed in blazing flames.
The wolf spider hits you!!
* * * LOW HITPOINT WARNING * * *
The wolf spider bites you.
* * * LOW HITPOINT WARNING * * *
The moth of wrath goads the culicivora on!
The culicivora goes berserk!
The boulder beetle bites you but does no damage.
Your dryad calls out to the forest.
Vines fly forth from the trees!
The culicivora bites you!
* * * LOW HITPOINT WARNING * * *
The culicivora draws strength from your injuries!
The wolf spider is engulfed in blazing flames.
The wolf spider dies!
The jumping spider leaps!
Your warg bites the wolf spider!
The jumping spider leaps!
The wolf spider is engulfed in blazing flames.
The culicivora closely misses you. The wolf spider misses your warg.
The wolf spider barely misses your warg.
The boulder beetle bites you!
You die...

♣#.#......R
#....~~~...######
~~~........#
~.~.......^ .
...!...♣###♣
♣...s.....♣.. ♣
s...♣h..... .^#
♣.......^#..♣##
..^.RS§@.†...♣.
....y§§sB.♣..B.
..B..§)sC......
.....s§§9♣.....
..w.^..........
..♣..♣○#...^...
....°## ^......
.#... .^.....


You could see a boulder beetle (berserk), 2 wolf spiders, a moth of wrath, a
culicivora (berserk, ally target), 2 pharaoh ants, 2 jumping spiders, a friendly
dryad (summoned, sheltered), a friendly mana viper (summoned, sheltered), a
friendly cactus giant (summoned, sheltered), a friendly guardian golem
(summoned), a friendly warg (summoned, sheltered, extremely poisoned) and a
friendly snaplasher vine.

Vanquished Creatures
  A tengu reaver (D:13)
  Donald (Orc:2)
  2 entropy weavers
  A spark wasp (Spider:1)
  Josephine (D:11)
  A boulder beetle (D:12)
  A great orb of eyes (D:15)
  A rakshasa (D:15)
  2 ogre magi (Orc:1)
  3 vault guards (D:13)
  A catoblepas (D:14)
  2 centaur warriors
  5 hydras
  A jorogumo (Spider:2)
  A two-headed ogre (D:13)
  3 death yaks
  An orc high priest (Orc:2)
  A fire crab (shapeshifter) (D:13)
  A pharaoh ant (Spider:3)
  A spectral anaconda (Lair:5)
  A glowing orange brain (D:15)
  A steelbarb worm (Spider:1)
  An obsidian statue (Lair:5)
  4 orb spiders
  4 lindwurms (Lair:3)
  5 wolf spiders
  An ugly thing (D:14)
  An orc sorcerer (Orc:2)
  2 manticores
  5 moths of wrath
  3 cyclopes
  8 elephants
  3 torpor snails
  5 cane toads
  A rime drake (Lair:3)
  2 komodo dragons
  A demonic crawler (Lair:5)
  A red devil (D:10)
  2 polar bears
  Grinder (D:4)
  A blink frog (Lair:5)
  12 tarantellas
  3 nameless horrors
  2 slime creatures
  A slime creature (shapeshifter) (D:15)
  10 jumping spiders
  A shadow (D:13)
  3 wraiths
  19 yaks
  A wyvern (Lair:2)
  2 culicivoras
  3 basilisks
  A golden eye (shapeshifter) (D:14)
  A chaos spawn (D:10)
  A human (D:13)
  27 redbacks
  6 water moccasins
  3 swamp worms
  A spectral cane toad (Lair:5)
  A floating eye (Orc:1)
  Duvessa (D:4)
  An ice beast (D:7)
  2 black bears
  8 orc warriors
  10 wolves
  2 centaurs
  A kobold brigand (D:7)
  3 bullfrogs
  A scorpion (D:5)
  A gnoll sergeant (D:8)
  9 wights
  Dowan (D:4)
  An elephant simulacrum (Lair:5)
  A killer bee (D:11)
  5 electric eels
  3 hounds
  A jelly (D:5)
  10 orc priests
  Natasha (twice) (D:4)
  5 orc wizards
  2 adders
  6 gnolls
  A worm (D:5)
  A dart slug (D:2)
  19 orcs
  A ball python (D:3)
  3 endoplasms
  A giant cockroach (D:3)
  A hobgoblin (D:3)
  3 bats
  5 kobolds
  A bush (D:1)
294 creatures vanquished.

Vanquished Creatures (collateral kills)
  A ghost moth (Spider:3)
  2 emperor scorpions
  A broodmother (Spider:4)
  A very ugly thing (D:15)
  Nessos (Lair:5)
  5 dire elephants (Lair:5)
  A rakshasa (D:15)
  2 boulder beetles
  A hydra (Lair:1)
  2 vault guards (D:13)
  2 ogre magi (Orc:1)
  3 two-headed ogres
  A centaur warrior (D:14)
  8 death yaks
  2 orc high priests
  A tengu warrior (D:13)
  Sonja (Lair:1)
  A deep elf knight (D:14)
  A sun moth (Spider:4)
  2 steelbarb worms (Spider:4)
  2 pharaoh ants
  A sixfirhy (D:10)
  5 orb spiders
  An orc knight (Orc:2)
  A bog body (Lair:3)
  3 necromancers (Lair:5)
  2 wolf spiders
  Pikel (D:6)
  7 ugly things
  2 orc sorcerers
  A deep elf pyromancer (D:13)
  An oklob plant (Lair:4)
  3 cyclopes
  7 elephants
  A moth of wrath (Spider:4)
  2 black mambas
  A dire elephant zombie (Lair:5)
  An orange demon (D:10)
  6 torpor snails
  2 unseen horrors (D:12)
  Psyche (D:8)
  3 cane toads
  An efreet (D:15)
  A freezing wraith (D:14)
  7 komodo dragons
  2 tengu conjurers (D:13)
  7 demonic crawlers
  3 trolls
  3 slime creatures
  4 polar bears
  4 dream sheep (Lair:5)
  11 tarantellas
  A spectral elephant (Lair:5)
  6 blink frogs
  A wyvern (shapeshifter) (D:13)
  14 jumping spiders
  8 culicivoras
  2 shadows
  A wraith (D:11)
  A wyvern (Lair:5)
  3 humans (D:13)
  33 yaks
  5 basilisks
  2 death yak simulacra (Lair:5)
  26 redbacks
  2 vampire mosquitoes (D:12)
  2 spectral cane toads (Lair:5)
  A swamp worm (Lair:5)
  A warg (Orc:2)
  An acid dragon (D:9)
  12 water moccasins
  2 sky beasts
  7 orc warriors
  4 black bears
  3 ogres
  8 wolves
  A phantom (D:7)
  9 bullfrogs
  A cane toad simulacrum (Lair:5)
  8 wights (D:7)
  5 killer bees (D:11)
  4 howler monkeys
  A jelly (D:7)
  19 orc priests
  2 hounds (D:5)
  Crazy Yiuf (D:5)
  Natasha (D:4)
  An iguana (D:6)
  17 orc wizards
  4 hell rats (Lair:3)
  4 gnolls
  6 adders
  A dart slug (D:4)
  38 orcs
  5 endoplasms
  3 giant cockroaches
  2 goblins (D:2)
  2 hobgoblins
  8 kobolds
  6 ball pythons
  A bat (D:3)
  3 frilled lizards
  A bush (Lair:5)
436 creatures vanquished.

Vanquished Creatures (others)
  2 spark wasps
  A dire elephant (Lair:5)
  A vault guard (D:13)
  An ogre mage (Orc:1)
  A tengu warrior (D:13)
  An ugly thing (D:14)
  4 wolf spiders
  A manticore (D:14)
  3 elephants (Lair:5)
  A torpor snail (Lair:5)
  A meliai (Spider:4)
  A slime creature (D:15)
  A tarantella (Spider:3)
  A jumping spider (Spider:3)
  A wraith (D:11)
  A human (D:13)
  A vampire mosquito (D:12)
  4 redbacks
  4 dancing weapons
  An orc wizard (Orc:2)
  An orc (D:8)
  42 fungi
  79 plants
  15 snaplasher vines
  35 withered plants (Lair:5)
204 creatures vanquished.

Grand Total: 934 creatures vanquished

Notes
Turn   | Place    | Note
-------+----------+-------------------------------------------
     0 | D:1      | wingedge the Demigod Wanderer began the quest for the Orb.
     0 | D:1      | wingedge set off with the following items: a +0 dagger, a
                  | scroll of blinking, a +0 robe, a wand of polymorph (3); and
                  | the following spells available to memorise: Summon Small
                  | Mammal, Call Imp, Slow, Call Canine Familiar, Tukima's
                  | Dance.
     0 | D:1      | Reached XP level 1. HP: 14/14 MP: 6/6
     2 | D:1      | Learned a level 1 spell: Summon Small Mammal
     4 | D:1      | Learned a level 1 spell: Slow
   219 | D:1      | Reached skill level 3 in Summonings
  1330 | D:2      | Reached XP level 2. HP: 16/22 MP: 6/8
  1363 | D:2      | Reached skill level 1 in Fighting
  1473 | D:2      | Learned a level 2 spell: Call Imp
  1572 | D:2      | Identified the +3 leather armour "Redie" {rElec rF+ Int+2}
  1592 | D:2      | Reached XP level 3. HP: 28/28 MP: 7/10
  1846 | D:2      | Learned a level 3 spell: Call Canine Familiar
  2173 | D:3      | Reached skill level 1 in Maces & Flails
  2787 | D:3      | Reached skill level 4 in Summonings
  2787 | D:3      | Reached XP level 4. HP: 33/35 MP: 5/11
  2862 | D:3      | Noticed an ogre
  2868 | D:3      | Killed an ogre
  2869 | D:3      | Reached XP level 5. HP: 40/40 MP: 10/12
  3496 | D:4      | Reached skill level 5 in Summonings
  3621 | D:4      | Noticed Natasha
  3630 | D:4      | Killed Natasha
  3692 | D:4      | Noticed Natasha
  3704 | D:4      | Killed Natasha
  3705 | D:4      | Reached XP level 6. HP: 46/47 MP: 5/13
  3804 | D:4      | Noticed Dowan
  3806 | D:4      | Noticed Duvessa
  3821 | D:4      | Killed Duvessa
  3825 | D:4      | Killed Dowan
  3928 | D:4      | Identified the +8 whip "Xusuos" {distort, rPois Will+
                  | Str-5}
  4009 | D:4      | Noticed Natasha
  4013 | D:4      | Killed Natasha
  4067 | D:4      | Noticed Grinder
  4075 | D:4      | Killed Grinder
  4076 | D:4      | Reached skill level 6 in Summonings
  4076 | D:4      | Reached XP level 7. HP: 47/57 MP: 6/14
  4506 | D:5      | Entered Level 5 of the Dungeon
  4657 | D:5      | Reached skill level 1 in Shields
  4975 | D:5      | Reached XP level 8. HP: 54/66 MP: 9/15
  5165 | D:5      | Reached skill level 7 in Summonings
  5494 | D:5      | Reached skill level 8 in Summonings
  5875 | D:5      | Found a runed translucent door.
  5876 | D:5      | Noticed Crazy Yiuf
  5886 | D:5      | Killed Crazy Yiuf
  6027 | D:6      | Noticed Pikel
  6035 | D:6      | Killed Pikel
  6036 | D:6      | Reached skill level 5 in Fighting
  6167 | D:6      | Reached XP level 9. HP: 75/75 MP: 16/16
  6312 | D:6      | Found a staircase to the Ecumenical Temple.
  6335 | Temple   | Entered the Ecumenical Temple
  6801 | D:7      | Reached skill level 5 in Maces & Flails
  6882 | D:7      | Reached skill level 1 in Armour
  6976 | D:7      | Found Awos's Book Boutique.
  6983 | D:7      | Found Midwivo's Self-Improvement Boutique.
  6988 | D:7      | Bought a book of the Wilderness for 456 gold pieces
  6992 | D:7      | Learned a level 3 spell: Tukima's Dance
  7323 | D:7      | Found Feuffopp's Book Emporium.
  7890 | D:8      | Reached XP level 10. HP: 83/83 MP: 17/17
  7986 | D:8      | Noticed Psyche
  7999 | D:8      | Killed Psyche
  8000 | D:8      | Reached skill level 5 in Hexes
  8602 | D:9      | Noticed a cyclops
  8995 | D:9      | Killed a cyclops
  9166 | D:9      | Reached skill level 5 in Shields
  9172 | D:9      | Learned a level 5 spell: Summon Mana Viper
  9667 | D:10     | Entered Level 10 of the Dungeon
  9674 | D:10     | Noticed a sixfirhy
  9686 | D:10     | Killed a sixfirhy
  9906 | D:10     | Noticed Nergalle
  9916 | D:10     | Banished Nergalle
 10270 | D:10     | Found a staircase to the Orcish Mines.
 10674 | D:10     | Identified a scroll of acquirement
 11040 | D:10     | Found a staircase to the Lair.
 11181 | D:10     | Reached XP level 11. HP: 91/91 MP: 17/20
 11419 | D:10     | Acquired 876 gold pieces
 11516 | D:7      | Bought a book of Geomancy for 216 gold pieces
 11520 | D:7      | Learned a level 3 spell: Stone Arrow
 11616 | Lair:1   | Entered Level 1 of the Lair of Beasts
 11636 | Lair:1   | Reached skill level 1 in Conjurations
 11637 | Lair:1   | Reached skill level 1 in Earth Magic
 11996 | Lair:1   | Noticed a four-headed hydra
 12005 | Lair:1   | Killed a four-headed hydra
 12476 | Lair:1   | Noticed Sonja
 12644 | Lair:1   | Killed Sonja
 13166 | Lair:1   | You fall into a shaft and drop 1 floor!
 13185 | Lair:2   | Acquired 831 gold pieces
 13453 | D:7      | Bought a manual of Shields for 960 gold pieces
 14091 | Lair:2   | Reached skill level 5 in Spellcasting
 14103 | Lair:2   | Reached XP level 12. HP: 79/100 MP: 6/23
 14501 | Lair:2   | Reached skill level 5 in Conjurations
 14502 | Lair:2   | Reached skill level 1 in Translocations
 14506 | Lair:2   | Reached skill level 5 in Earth Magic
 14942 | Lair:3   | Noticed a four-headed hydra
 14956 | Lair:3   | Reached skill level 9 in Summonings
 15541 | Lair:3   | Killed a four-headed hydra
 15961 | Lair:2   | Learned a level 5 spell: Summon Forest
 16166 | Lair:3   | Reached skill level 5 in Translocations
 16817 | Lair:3   | Found a hole to the Spider Nest.
 17537 | Lair:3   | Reached XP level 13. HP: 101/105 MP: 13/28
 17562 | Lair:3   | Found a staircase to the Swamp.
 18427 | Lair:4   | Reached skill level 10 in Shields
 18595 | Lair:4   | Found a staircase to the Slime Pits.
 18735 | Lair:4   | Learned a level 3 spell: Summon Guardian Golem
 19127 | Lair:5   | Entered Level 5 of the Lair of Beasts
 19127 | Lair:5   | Noticed Nessos
 19137 | Lair:5   | Killed Nessos
 19665 | Lair:5   | Reached skill level 10 in Summonings
 19813 | Lair:5   | Noticed Loveship's ghost (journeyman MiFi)
 19819 | Lair:5   | Reached skill level 5 in Dodging
 19900 | Lair:5   | Found a transporter.
 19910 | Lair:5   | Found a transporter.
 21211 | Lair:5   | Noticed a dire elephant
 21211 | Lair:5   | Noticed a dire elephant
 21211 | Lair:5   | Noticed a dire elephant
 21211 | Lair:5   | Noticed a dire elephant
 21211 | Lair:5   | Noticed a dire elephant
 21219 | Lair:5   | Killed a dire elephant
 21280 | Lair:5   | Noticed a dire elephant
 21283 | Lair:5   | Reached XP level 14. HP: 113/113 MP: 19/31
 21617 | D:7      | Bought a book of the Earth for 432 gold pieces
 21623 | D:7      | Learned a level 5 spell: Lee's Rapid Deconstruction
 21789 | Lair:5   | Identified the amulet of the Mutiny {Spirit rPois rC+ rCorr
                  | Int-4}
 22543 | Lair:5   | Identified the ring of Rowkos {rN+ Will+ Str-5 Slay+4}
 23538 | Orc:1    | Entered Level 1 of the Orcish Mines
 23727 | Orc:2    | Entered Level 2 of the Orcish Mines
 23727 | Orc:2    | Found a staircase to the Elven Halls.
 23745 | Orc:2    | Noticed Donald
 23885 | Orc:2    | Killed Donald
 24908 | Orc:2    | Reached skill level 11 in Summonings
 25261 | Orc:2    | Found Etatakaw's Assorted Antiques.
 25262 | Orc:2    | Found Vaiq Imm's Book Emporium.
 25450 | Orc:2    | Found Ogiaro's Armour Emporium.
 25454 | Orc:2    | Found Xeiz's Book Shoppe.
 25893 | Orc:1    | Paralysed by a floating eye for 2 turns
 26991 | D:11     | Noticed Josephine
 27001 | D:11     | Killed Josephine
 28088 | D:12     | Learned a level 6 spell: Summon Cactus Giant
 29129 | D:13     | Noticed a tengu reaver
 29147 | D:13     | Killed a tengu reaver
 29351 | D:13     | Found the +0 staff of Battle
 29531 | D:13     | Reached XP level 15. HP: 88/123 MP: 7/33
 29910 | D:13     | Found a gate to the Vaults.
 30323 | D:13     | Got the Teachings on the Harmful Coals
 30375 | D:13     | Found Nacroso's Book Boutique.
 30495 | D:14     | Reached skill level 10 in Spellcasting
 31382 | D:15     | Entered Level 15 of the Dungeon
 31857 | D:15     | Reached skill level 12 in Summonings
 32676 | D:15     | Found a staircase to the Depths.
 33180 | Spider:1 | Entered Level 1 of the Spider Nest
 34518 | Spider:1 | Identified the ring of the Barracuda {Ice *Slow Int+8}
 36119 | Spider:2 | Reached skill level 13 in Summonings
 36238 | Spider:2 | Reached skill level 10 in Fighting
 36914 | Spider:2 | Reached skill level 10 in Earth Magic
 37748 | Spider:3 | Reached XP level 16. HP: 135/135 MP: 29/35
 38911 | Spider:3 | Reached skill level 5 in Armour
 39892 | Spider:4 | Entered Level 4 of the Spider Nest
 39905 | Spider:4 | Noticed Mara
 40223 | Spider:3 | HP: 2/137 [something (5)]
 41193 | Spider:4 | Slain by a boulder beetle

Illustrated notes

Levels and vault maps discovered:
D:1:      denvon_arrival_planthouse, layout_loops_ring, serial_forest,
          infiniplex_forest_end_1, infiniplex_forest_end_1,
          infiniplex_forest_straight_3, infiniplex_forest_end_3,
          infiniplex_forest_split, infiniplex_forest_fountain,
          infiniplex_forest_clump_long, infiniplex_forest_straight_4
D:2:      layout_rooms, basic_altar, shapermc_ecumenical_altar_ellora,
          st_stairs_4
D:3:      layout_basic, nrook_loot_triangle, minmay_splitting_lines,
          minmay_misc_feat_diagonals, minmay_distorted
D:4:      layout_basic, nicolae_overflow_hidden_temple, general_overflow_altar,
          uniq_natasha, uniq_duvessa, uniq_grinder
D:5:      kb_forest_paths, layout_basic, uniq_crazy_yiuf_cottage
D:6:      layout_basic, minmay_temple_entry_glass, minmay_misc_feat_chi,
          uniq_pikel
D:7:      layout_rooms, kennysheep_mini_moat,
          mainiacjoe_overflow_concentric_impassable, serial_shops, shop,
          hangedman_abyss_or_decor_stabs, kennysheep_diamond,
          nicolae_shop_self_help
D:8:      layout_layer_cave, chequers_temple_overflow_statue_of_worship,
          gammafunk_temple_overflow_claw, dreamdust_princess_corridor,
          uniq_psyche
D:9:      layout_cave_pools
D:10:     layout_basic, mainiacjoe_overflow_alcove_1, david_lair_shrubbed,
          orc_0_dummy, serial_demonic, serial_demonic_g, serial_demonic_e,
          serial_demonic_d, serial_demonic_g, uniq_nergalle
D:11:     layout_rooms, uniq_josephine
D:12:     layout_loops_corners, minmay_misc_feat_room, nzn_sisyphean_effort
D:13:     layout_long_grid, ximxim_vaults_locker_room, serial_shops,
          kennysheep_little_box, hellmonk_guarded_unrand_staff_of_battle
D:14:     layout_big_octagon, amcnicky_mini_rare_corridor_liquid, minivault_20
D:15:     gammafunk_enter_depths_forms, layout_basic
Temple:   nicolae_temple_ecumenical_triangle
Lair:1:   layout_hall_layers, basic_altar, st_stairs_3,
          grunt_forest_small_clearing_treed, uniq_sonja
Lair:2:   layout_chaotic_city, beast_lair_carwin_4
Lair:3:   layout_cave_shapes, nicolae_swamp_entry_splash_gauntlet,
          nicolae_spider_entry_tight_spaces, minmay_lindwurm_lava
Lair:4:   layout_misc_corridors, slime_entry_1, tgw_fedhas
Lair:5:   due_jungle_book, layout_regular_city, gammafunk_ghost_hive,
          worms_lemuel, infiniplex_staircase_pool, grunt_megastairs_2,
          uniq_nessos
Spider:1: layout_spider_delve
Spider:2: layout_spider_delve, nicolae_spider_cling_halls
Spider:3: layout_spider_delve
Spider:4: hellmonk_spider_rune_bug_friends, uniq_mara
Orc:1:    hellmonk_paralyzer, layout_caves
Orc:2:    st_orc_mages, layout_caves, uniq_donald

Skill      XL: |  1  2  3  4  5  6  7  8  9 10 11 12 13 14 15 16 |
---------------+-------------------------------------------------+-----
Summonings     | 3 4 5 6 8 9 10 11 13 | 13.0
Spellcasting   | 3 4 5 7 9 10 | 10.0
Fighting       | 1 3 4 6 7 8 10 11 | 11.0
Maces & Flails | 1 2 3 4 5 |  5.0
Evocations     | 2 |  2.0
Hexes          | 2 3 4 7 8 |  8.0
Shields        | 2 3 6 9 10 12 | 12.0
Dodging        | 4 5 6 |  6.0
Armour         | 4 6 |  6.0
Conjurations   | 4 5 6 7 |  7.9
Earth Magic    | 4 5 8 10 | 10.0
Translocations | 5 8 |  8.0

Action                   |  1- 3 |  4- 6 |  7- 9 | 10-12 | 13-15 | 16-18 || total
-------------------------+-------+-------+-------+-------+-------+-------++-------
Melee: Falchion          |   139 |       |       |       |       |       ||   139
       Dagger            |    41 |       |       |       |       |       ||    41
       Punch             |     2 |       |       |       |       |       ||     2
       Whip              |    12 |    31 |   134 |   309 |   399 |    61 ||   946
 Fire: Sling             |       |     5 |       |       |       |       ||     5
 Cast: Summon Small Mamm |    33 |    17 |    21 |     9 |       |       ||    80
       Slow              |     2 |     5 |    10 |     4 |     2 |       ||    23
       Call Imp          |     9 |     8 |    25 |    47 |    12 |       ||   101
       Call Canine Famil |       |     9 |    28 |    61 |    82 |    15 ||   195
       Tukima's Dance    |       |       |     2 |     9 |     6 |       ||    17
       Summon Mana Viper |       |       |       |    37 |   102 |    25 ||   164
       Stone Arrow       |       |       |       |    53 |   137 |    13 ||   203
       Summon Forest     |       |       |       |     4 |    59 |     5 ||    68
       Summon Guardian G |       |       |       |       |    76 |    17 ||    93
       Lee's Rapid Decon |       |       |       |       |    57 |    17 ||    74
       Summon Cactus Gia |       |       |       |       |    18 |    14 ||    32
Evoke: Wand              |       |       |       |     1 |     7 |     3 ||    11
  Use: Scroll            |       |       |     7 |     8 |    15 |     7 ||    37
       Potion            |       |       |       |     1 |    10 |     4 ||    15
 Stab: Distracted        |     2 |     1 |     1 |     8 |    11 |     2 ||    25
Armor: Robe              |     9 |       |       |       |       |       ||     9
       Leather armour    |     9 |     9 |    63 |   134 |   243 |    87 ||   545
Dodge: Dodged            |    27 |    16 |    62 |   203 |   326 |    66 ||   700
Block: Buckler           |       |     3 |    25 |   107 |   137 |       ||   272
       Kite shield       |       |       |       |       |   158 |    90 ||   248
